 Dungeon Crawl Stone Soup version 0.31-a0-4-gefa6de2278 (webtiles) character file.

Game seed: 15350023585229256105

422 Pooter the Chopper (level 6, -6/61 HPs)
             Began as a Minotaur Berserker on May 3, 2023.
             Was a Believer of Trog.
             Mangled by a gnoll
             ... wielding a +0 whip
              (9 damage)
             ... on level 4 of the Dungeon.
             The game lasted 00:16:14 (2828 turns).

Pooter the Chopper (Minotaur Berserker)             Turns: 2828, Time: 00:16:15

Health: -6/61      AC:  3    Str: 24    XL:     6   Next: 63%
Magic:  5/5        EV: 12    Int:  4    God:    Trog [**....]
Gold:   159        SH:  5    Dex:  9    Spells: 5/5 levels left

rFire   + . .        a - +0 war axe
rCold   . . .        (no shield)
rNeg    . . .        r - +0 animal skin
rPois   .            (helmet restricted)
rElec   .            (no cloak)
rCorr   .            e - +0 pair of gloves
SInv    .            (no boots)
Will    +....        q - amulet of reflection
Stlth   ++           F - ring of protection from fire
HPRegen 0.30/turn    u - ring of willpower
MPRegen 0.09/turn

%: reflection
@: on berserk cooldown, slowed, very slow
A: horns 2, retaliatory headbutt, mutation resistance 1, robust 1
a: Renounce Religion, Berserk, Trog's Hand


You were on level 4 of the Dungeon.
You worshipped Trog.
Trog was pleased with you.
You visited 1 branch of the dungeon, and saw 4 of its levels.

You collected 159 gold pieces.

Inventory:

Hand Weapons
 a - a +0 war axe (weapon)
   (You found it on level 2 of the Dungeon)
 b - a +0 sling
   (You took it off a goblin on level 3 of the Dungeon)
Missiles
 d - 6 boomerangs (quivered)
 i - a poisoned dart
 Q - 16 stones
Armour
 e - a +0 pair of gloves (worn)
   (You found it on level 2 of the Dungeon)
 r - a +0 animal skin (worn)
Jewellery
 c - a +6 ring of intelligence
   (You found it on level 1 of the Dungeon)
 q - an amulet of reflection (around neck)
   (You found it on level 3 of the Dungeon)
 u - a ring of willpower (right hand)
   (You found it on level 4 of the Dungeon)
 C - a ring of resist corrosion
   (You found it on level 2 of the Dungeon)
 F - a ring of protection from fire (left hand)
   (You found it on level 1 of the Dungeon)
Wands
 k - a wand of polymorph (9)
   (You took it off Robin on level 2 of the Dungeon)
Scrolls
 f - a scroll of immolation {unknown}
 g - a scroll of silence
 m - a scroll of fog
 o - 3 scrolls of butterflies {unknown}
 p - a scroll of teleportation {unknown}
 s - a scroll of vulnerability {unknown}
Potions
 h - 2 potions of heal wounds {unknown}
 j - 2 potions of might {unknown}
 l - a potion of degeneration {unknown}
 n - a potion of brilliance {unknown}
 t - a potion of mutation {!q}


   Skills:
 + Level 5.2 Fighting
 * Level 6.1 Axes
 * Level 2.0 Ranged Weapons
 - Level 1.6 Throwing
 - Level 2.4 Armour
 - Level 2.1 Dodging
 - Level 2.9 Stealth


You had 5 spell levels left.
You didn't know any spells.
Your spell library was empty.

Dungeon Overview and Level Annotations

Branches:
Dungeon (4/15)
 Temple: D:4-7

Altars:


Innate Abilities, Weirdness & Mutations

You have a pair of horns on your head.
You reflexively headbutt those who attack you in melee.
You are somewhat resistant to further mutation.
You are robust. (+10% HP)


Message History

A worm comes into view.
The gnoll shouts!
You slash the gnoll! Your headbutt misses the gnoll.
The gnoll barely misses you. The gnoll hits you with a +0 whip.
You block the gnoll's attack. The gnoll misses you.
A red film seems to cover your vision as you go berserk!
You feel yourself moving faster!
You feel mighty!
A gnoll comes into view. It is wielding a +0 club.
The gnoll throws a throwing net.
The throwing net hits you.
You become entangled in the net!
The gnoll hits you from afar with a +0 spear.
* * * LOW HITPOINT WARNING * * *
The gnoll hits you with a +0 whip.
* * * LOW HITPOINT WARNING * * *
You struggle against the net.
You feel a strong urge to attack something.
You struggle against the net.
The gnoll hits you from afar with a +0 spear.
* * * LOW HITPOINT WARNING * * *
The gnoll barely misses you. The gnoll hits you with a +0 whip.
* * * LOW HITPOINT WARNING * * *
You struggle against the net.
You feel your anger nearly subside.
The gnoll hits you from afar with a +0 spear.
* * * LOW HITPOINT WARNING * * *
The gnoll closely misses you. The gnoll hits you with a +0 whip.
* * * LOW HITPOINT WARNING * * *
You rip the net and break free!
You are no longer berserk.
You are exhausted.
You feel yourself slow down.
You barely miss the gnoll. Your headbutt misses the gnoll.
You barely miss the gnoll. The gnoll hits you with a +0 flail!
* * * LOW HITPOINT WARNING * * *
The gnoll hits you from afar with a +0 spear.
* * * LOW HITPOINT WARNING * * *
The gnoll hits you but does no damage. The gnoll barely misses you.
The gnoll completely misses you.
The gnoll hits you from afar with a +0 spear.
* * * LOW HITPOINT WARNING * * *
You block the gnoll's attack.
A gnoll bouda comes into view. It is wielding a +0 club.
You block the gnoll's attack.
Okay, then.
It was a potion of mutation.
You feel extremely strange.
You feel robust.
You feel genetically stable. The gnoll hits you with a +0 flail.
* * * LOW HITPOINT WARNING * * *
You block the gnoll's attack. The gnoll hits you with a +0 whip!
You die...

.. ..... . .#.
. .). #. .B. ..
#.##.####...
##.#.g.).....g.
....wg.ggg....#
#@# #.###### #
#.).)..# .#
#>####.#. ###.
# #.# #. #..
#.# # #.##.####
#.# #. #.......
#.#######.# #.
#.##.####
#.........# #.
#.#


You could see a gnoll bouda (wandering), a worm, 5 gnolls and a giant cockroach.

Vanquished Creatures
  Sigmund (D:2)
  2 iguanas (D:4)
  Jessica (D:3)
  Natasha (twice) (D:3)
  Robin (D:2)
  A gnoll (D:4)
  4 adders
  4 orcs (D:3)
  3 bats
  7 endoplasms
  5 giant cockroaches
  20 goblins
  5 hobgoblins
  2 kobolds
  3 frilled lizards
  5 rats
66 creatures vanquished.

Vanquished Creatures (others)
  A kobold (D:4)
1 creature vanquished.

Grand Total: 67 creatures vanquished

Notes
Turn   | Place    | Note
-------+----------+-------------------------------------------
     0 | D:1      | Pooter the Minotaur Berserker began the quest for the Orb.
     0 | D:1      | Reached XP level 1. HP: 19/19 MP: 0/0
   301 | D:1      | Reached XP level 2. HP: 27/27 MP: 1/1
   484 | D:1      | Reached skill level 1 in Throwing
   641 | D:1      | Reached skill level 4 in Axes
   978 | D:2      | Reached skill level 1 in Stealth
  1005 | D:2      | Noticed Robin
  1016 | D:2      | Reached XP level 3. HP: 33/33 MP: 2/2
  1020 | D:2      | Killed Robin
  1023 | D:2      | Reached ** piety under Trog
  1156 | D:2      | Noticed Sigmund
  1350 | D:2      | Killed Sigmund
  1351 | D:2      | Reached skill level 5 in Axes
  1351 | D:2      | Reached XP level 4. HP: 41/41 MP: 3/3
  1351 | D:2      | Reached XP level 5. HP: 47/47 MP: 4/4
  2041 | D:3      | Noticed Natasha
  2042 | D:3      | Killed Natasha
  2169 | D:3      | Reached XP level 6. HP: 55/55 MP: 5/5
  2325 | D:3      | Noticed Jessica
  2330 | D:3      | Killed Jessica
  2332 | D:3      | Noticed Natasha
  2389 | D:3      | Killed Natasha
  2390 | D:3      | Reached skill level 5 in Fighting
  2390 | D:3      | Reached skill level 1 in Ranged Weapons
  2796 | D:4      | Identified the +2 buckler of Haoll {*Corrode Will++ Str+3
                  | Dex+2}
  2811 | D:4      | Reached skill level 6 in Axes
  2828 | D:4      | Gained mutation: You are robust. (+10% HP) [potion of
                  | mutation]
  2828 | D:4      | Gained mutation: You are somewhat resistant to further
                  | mutation. [potion of mutation]
  2828 | D:4      | HP: 3/61 [gnoll/+0 flail[a gnoll bouda] (3)]
  2828 | D:4      | Mangled by a gnoll

Illustrated notes

Levels and vault maps discovered:
D:1:      sevenhm_arrival_forest_fort_small_1, layout_loops_corners
D:2:      layout_basic, nrook_campfire, uniq_sigmund, uniq_robin
D:3:      layout_basic, glass_columns_a, uniq_natasha, uniq_jessica
D:4:      layout_loops_ring, minmay_temple_entry_glass, item_on_display_a,
          uniq_crazy_yiuf_cottage, uniq_menkaure, uniq_ijyb

Skill      XL: |  1  2  3  4  5  6 |
---------------+-------------------+-----
Throwing       | 1 |  1.6
Axes           | 4 5 6 |  6.1
Stealth        | 1 2 |  2.9
Fighting       | 4 5 |  5.2
Ranged Weapons | 2 |  2.0
Armour         | |  2.4
Dodging        | |  2.1

Action                     |  1- 3 |  4- 6 || total
---------------------------+-------+-------++-------
  Melee: Hand axe          |    56 |       ||    56
         Headbutt          |     7 |     2 ||     9
         War axe           |    11 |    44 ||    55
   Fire: Sling             |       |    25 ||    25
  Throw: Boomerang         |     5 |    10 ||    15
         Dart              |    13 |     1 ||    14
 Invoke: Berserk           |     4 |     1 ||     5
         Trog's Hand       |     1 |       ||     1
    Use: Scroll            |     4 |       ||     4
         Potion            |       |     1 ||     1
   Stab: Sleeping          |       |     4 ||     4
 Armour: Animal skin       |     7 |     7 ||    14
  Dodge: Dodged            |    29 |    19 ||    48
  Block: Other             |       |    13 ||    13
         Reflection        |       |     4 ||     4

Table legend: (Time is in decaauts)
 A = Elapsed time spent in this place.
 B = Non-inter-level travel time spent in this place.
 C = Inter-level travel time spent in this place.
 D = Time resting spent in this place.
 E = Time spent auto-exploring this place.
 F = Levels seen in this place.
 G = Mean time per level.
                   A        B        C        D        E       F      G
               +--------+--------+--------+--------+--------+-----+--------+
         Total |   2901 |   2778 |    123 |    254 |   1977 |   4 |  725.2 |
       Dungeon |   2901 |   2778 |    123 |    254 |   1977 |   4 |  725.2 |
               +--------+--------+--------+--------+--------+-----+--------+

Top non-repeatable levels by time:
     D:1: 1100 daAuts
     D:2: 993 daAuts
     D:3: 629 daAuts
     D:4: 177 daAuts
